 Dungeon Crawl Stone Soup version 0.30.1 (webtiles) character file.

Game seed: 14591975872852902176

5961 AgateBread the Skirmisher (level 10, -12/64 HPs)
             Began as a Tengu Hunter on July 2, 2023.
             Was a Believer of Dithmenos.
             Mangled by a boulder beetle (17 damage)
             ... on level 12 of the Dungeon.
             The game lasted 01:12:46 (17708 turns).

AgateBread the Skirmisher (Tengu Hunter)           Turns: 17708, Time: 01:12:47

Health: -12/64     AC:  9    Str: 15    XL:     10   Next: 84%
Magic:  11/15      EV: 19    Int: 15    God:    Dithmenos [**....]
Gold:   597        SH:  0    Dex: 22    Spells: 7/9 levels left

rFire   . . .        P - +0 arbalest (freeze)
rCold   + . .        (shield currently unavailable)
rNeg    . . .        m - +0 ring mail
rPois   .            (helmet restricted)
rElec   .            H - +0 cloak
rCorr   .            N - +0 pair of gloves {Str+3}
SInv    .            (boots unavailable)
Will    .....        s - amulet of the acrobat
Stlth   ++           E - ring of protection from cold
HPRegen 0.30/turn    p - +6 ring of intelligence
MPRegen 0.14/turn

%: acrobat
@: flying quickly and evasively, hasted, wreathed by umbra, studying Poison
Magic, very quick
A: beak, talons 3, nimble flight
a: Renounce Religion, Shadow Step


You were on level 12 of the Dungeon.
You worshipped Dithmenos.
Dithmenos was pleased with you.
You visited 2 branches of the dungeon, and saw 12 of its levels.
You also visited: Bailey.

You collected 732 gold pieces.
You spent 135 gold pieces at shops.

Inventory:

Hand Weapons
 a - a +2 shortbow
 e - the +10 hand axe "Woxusif" {flame, rElec rF+ Str-3}
   (You found it on level 12 of the Dungeon)

   Str:       It affects your strength (-3).
   rF:        It protects you from fire.
   rElec:     It insulates you from electricity.
 f - a +0 scimitar
 g - a +0 spectral long sword
 q - a +2 dagger of venom
 u - the +5 woodcutter's axe
   (You found it on level 2 of the Dungeon)
 y - a +6 great sword
 B - a +1 dagger of electrocution
 D - the +5 sling of Royalism {flame, Str+4}
   (You found it on level 4 of the Dungeon)

   Str:       It affects your strength (+4).
 J - the +9 hammer of Ytah {flame, rElec rC+ MP+9 Dex-2}
   (You found it on level 5 of the Dungeon)

   Dex:       It affects your dexterity (-2).
   rC:        It protects you from cold.
   rElec:     It insulates you from electricity.
   MP:        It affects your magic capacity (+9).
 O - a +7 vampiric spear
 P - a +0 arbalest of freezing (weapon)
Missiles
 w - 27 poisoned darts
 Q - 3 datura-tipped darts
Armour
 h - a +0 plate armour
 j - a +0 chain mail
 l - a +0 scale mail
 m - a +0 ring mail (worn)
 H - a +0 cloak (worn)
 N - a +0 pair of gloves of strength (worn)
Jewellery
 p - a +6 ring of intelligence (right hand)
 s - an amulet of the acrobat (around neck)
 t - a ring of magical power
 C - a +6 ring of strength
 E - a ring of protection from cold (left hand)
Wands
 o - a wand of flame (52)
 x - a wand of roots (15)
 I - a wand of charming (9)
Scrolls
 b - a scroll of immolation
 c - a scroll of brand weapon {unknown}
 d - 5 scrolls of fog
 i - 3 scrolls of enchant weapon
 n - a scroll of magic mapping
 v - 3 scrolls of amnesia
 F - 4 scrolls of noise
Potions
 z - 2 potions of lignification
 A - a potion of mutation {unknown}
 G - 3 potions of haste
 K - 3 potions of attraction {unknown}
 L - a potion of might
Miscellaneous
 M - a condenser vane


   Skills:
 - Level 8.0 Fighting
 + Level 9.2 Ranged Weapons
 - Level 8.0 Armour
 - Level 7.4 Dodging
 - Level 1.0 Stealth
 - Level 6.1 Invocations


You had 7 spell levels left.
You knew the following spells:

 Your Spells              Type           Power      Damage    Failure   Level
a - Poisonous Vapours     Pois/Air       0%         N/A       56%         2

Your spell library contained the following spells:

 Spells                   Type           Power      Damage    Failure   Level
 Magic Dart               Conj           0%         1d3       43%         1
 Call Imp                 Summ           0%         N/A       56%         2
 Mephitic Cloud           Conj/Pois/Air  0%         N/A       80%         3
 Freezing Cloud           Conj/Ice/Air   0%         6-21      100%        5


Dungeon Overview and Level Annotations

Branches:
Dungeon (10/15)            Temple (1/1) D:5            Lair (0/5) D:8
 Bailey (visited)
    Orc: D:9-12

Altars:
Ashenzari
Cheibriados
Dithmenos
Elyvilon
Fedhas
Gozag
Hepliaklqana
Kikubaaqudgha
Makhleb
Nemelex Xobeh
Okawaru
Qazlal
Ru
Sif Muna
Trog
Uskayaw
Vehumet
Wu Jian
Xom
Yredelemnul
Zin
The Shining One

Shops:
D:3 (   D:6 !

Annotations:
D:8 3 runed translucent doors, turdburglar's ghost, novice TrEE
D:9 Erica


Innate Abilities, Weirdness & Mutations

You have a beak for a mouth.
You have claws for feet.
Your magical nature lets you fly swiftly and evasively.


Message History

You feel yourself speed up.
Your +0 arbalest of freezing is covered in frost.
P - a +0 arbalest of freezing (weapon)
Found a chain mail.
You see here a +0 chain mail.
Found 4 stones.
Found a scroll labelled UPLYZI ODESIE.
You see here 4 stones.
Found a crude hand axe.
c - a scroll labelled UPLYZI ODESIE You see here the +10 hand axe "Woxusif" {flame, rElec rF+ Str-3}.
e - the +10 hand axe "Woxusif" {flame, rElec rF+ Str-3}
Found a stone staircase leading down.
There is a stone staircase leading down here.
A boulder beetle comes into view.
The boulder beetle curls into a ball and begins rolling!
The boulder beetle attacks as you move away!
The boulder beetle hits you!!!
Ouch! That really hurt!
You emit a cloud of dark smoke.
The boulder beetle stops rolling and uncurls.
The boulder beetle curls into a ball and begins rolling!
The boulder beetle misses you.
The boulder beetle stops rolling and uncurls.
There is a stone staircase leading down here.
The boulder beetle curls into a ball and begins rolling!
You are too injured to fight recklessly!
You feel yourself speed up. The boulder beetle hits you!!
* * * LOW HITPOINT WARNING * * *
The boulder beetle stops rolling and uncurls.
Okay, then.
The boulder beetle curls into a ball and begins rolling!
Okay, then.
Aiming: Shadow Step
Press: ? - help, Dir - move target, f - boulder beetle
Aim: a boulder beetle (rolling, umbra)
You step into the boulder beetle's shadow.
You will no longer bleed smoke.
The boulder beetle hits you!
You die...

#B# #.# #.# #.# #○# #°#########
#.°°°B○B○.# #### .
#..######.#################..##.
#..........°°°B@........(.....##
##.######.#################.###
#.# #.# ##.## #.# #.# #...## #.#
#.# #.###.## #.# #.# #. #... #..
..# # #.## ### ### ..## ###


You could see a boulder beetle (rolling).

Vanquished Creatures
  3 wyverns
  2 steam dragons (D:8)
  2 wargs
  Duvessa (D:7)
  12 orc warriors
  2 sky beasts
  2 black bears (D:5)
  3 ice beasts
  A centaur (D:9)
  2 ogres (D:5)
  2 phantoms (D:5)
  3 kobold brigands (D:9)
  4 bullfrogs
  A gnoll sergeant (D:6)
  3 scorpions
  6 wights
  Dowan (D:7)
  7 killer bees
  3 howler monkeys (D:8)
  5 jellies
  6 hounds
  6 orc priests
  Crazy Yiuf (D:5)
  2 iguanas (D:5)
  2 gnoll boudas
  2 sleepcaps (D:5)
  4 orc wizards
  7 adders
  18 gnolls
  2 white imps
  An ufetubus (D:7)
  4 worms
  2 dart slugs
  35 orcs
  6 bats
  9 endoplasms
  6 giant cockroaches
  2 hobgoblins
  4 jackals (D:3)
  17 kobolds
  4 quokkas
  6 ball pythons
  6 frilled lizards
  20 goblins
  A rat (D:3)
238 creatures vanquished.

Vanquished Creatures (collateral kills)
  A wight (D:5)
1 creature vanquished.

Grand Total: 239 creatures vanquished

Notes
Turn   | Place    | Note
-------+----------+-------------------------------------------
     0 | D:1      | AgateBread the Tengu Hunter began the quest for the Orb.
     0 | D:1      | Reached XP level 1. HP: 12/12 MP: 2/2
   334 | D:1      | Reached skill level 1 in Armour
   342 | D:1      | Reached XP level 2. HP: 18/18 MP: 3/3
  1841 | D:2      | Reached XP level 3. HP: 22/22 MP: 4/4
  2654 | D:2      | Learned a level 2 spell: Poisonous Vapours
  2844 | D:2      | Reached XP level 4. HP: 28/28 MP: 5/5
  3202 | D:2      | Found the +5 woodcutter's axe
  3202 | D:2      | Noticed a gnoll sergeant
  3433 | D:3      | Found a shimmering blue altar of Sif Muna.
  3440 | D:3      | Found a glowing silver altar of Zin.
  3570 | D:3      | Found Kogyl's Weapon Boutique.
  3577 | D:3      | Bought a +0 falchion for 30 gold pieces
  3833 | D:3      | Gained mutation: Your magical nature lets you fly swiftly
                  | and evasively. [Tengu growth]
  3833 | D:3      | Reached XP level 5. HP: 21/33 MP: 6/6
  4908 | D:3      | Found a sparkling altar of Nemelex Xobeh.
  5334 | D:4      | Found a shimmering altar of Xom.
  5639 | D:4      | Identified the +5 sling of Royalism {flame, Str+4}
  5668 | D:4      | Found an ornate altar of the Wu Jian Council.
  5704 | D:4      | Found a broken altar of Ashenzari.
  5709 | D:4      | Saw a vision of the Shoals and the Snake Pit.
  5709 | D:4      | Noticed a wind drake
  5709 | D:4      | Noticed a merfolk siren
  5709 | D:4      | Noticed a manticore
  5709 | D:4      | Noticed a merfolk
  5709 | D:4      | Noticed a merfolk siren
  5709 | D:4      | Noticed a naga mage
  5709 | D:4      | Noticed a sea snake
  5709 | D:4      | Noticed a merfolk avatar
  5709 | D:4      | Noticed a naga
  5709 | D:4      | Noticed a salamander
  5709 | D:4      | Noticed a naga
  5709 | D:4      | Noticed a manticore
  5709 | D:4      | Noticed a merfolk
  5710 | D:4      | Noticed a black mamba
  5711 | D:4      | Noticed an anaconda
  5800 | D:4      | Reached XP level 6. HP: 39/39 MP: 7/7
  6406 | D:5      | Entered Level 5 of the Dungeon
  6476 | D:5      | Noticed a black bear
  6522 | D:5      | Killed a black bear
  6653 | D:5      | Reached skill level 5 in Fighting
  6653 | D:5      | Reached skill level 5 in Armour
  6653 | D:5      | Reached XP level 7. HP: 44/44 MP: 8/8
  6654 | D:5      | Found a burning altar of Makhleb.
  6695 | D:5      | Found a staircase to the Ecumenical Temple.
  7140 | D:5      | Found a runed translucent door.
  7141 | D:5      | Noticed Crazy Yiuf
  7529 | D:5      | Reached XP level 8. HP: 27/52 MP: 9/9
  8300 | D:5      | Killed Crazy Yiuf
  8303 | D:5      | Identified the +9 hammer of Ytah {flame, rElec rC+ MP+9
                  | Dex-2}
  9378 | Temple   | Entered the Ecumenical Temple
  9592 | Temple   | Became a worshipper of Dithmenos the Shadowed
  9746 | D:5      | Reached skill level 5 in Ranged Weapons
 10063 | D:6      | Reached XP level 9. HP: 59/59 MP: 10/10
 10102 | D:6      | Reached skill level 1 in Invocations
 10503 | D:6      | Reached skill level 6 in Ranged Weapons
 12032 | D:6      | Found Naptyu's Distillery.
 12036 | D:6      | Bought a potion of lignification for 45 gold pieces
 12036 | D:6      | Bought a potion of might for 60 gold pieces
 12598 | D:7      | Found a radiant altar of Vehumet.
 12848 | D:7      | Reached * piety under Dithmenos
 12973 | D:7      | Noticed Duvessa
 12980 | D:7      | Noticed Dowan
 13072 | D:7      | Killed Dowan
 13073 | D:7      | Reached skill level 7 in Ranged Weapons
 13081 | D:7      | Killed Duvessa
 13809 | D:8      | Found an iron altar of Okawaru.
 13932 | D:7      | Reached skill level 5 in Dodging
 14038 | D:8      | Reached XP level 10. HP: 64/64 MP: 14/14
 14297 | D:8      | Found a staircase to the Lair.
 14307 | D:8      | Found a bloodstained altar of Trog.
 14636 | D:8      | Found a glowing golden altar of the Shining One.
 14765 | D:8      | Reached skill level 8 in Ranged Weapons
 14891 | D:8      | Found a runed translucent gate.
 14951 | D:8      | Reached ** piety under Dithmenos
 14957 | D:8      | Reached skill level 5 in Invocations
 15056 | D:8      | Found a runed translucent gate.
 15057 | D:8      | Found a runed translucent gate.
 15057 | D:8      | Noticed turdburglar's ghost (novice TrEE)
 15397 | D:9      | Found a flagged portal.
 15421 | Bailey   | Entered a bailey
 16377 | Bailey   | Identified a scroll of acquirement
 16377 | Bailey   | Acquired a manual of Poison Magic
 16461 | D:9      | Found a stormy altar of Qazlal.
 16492 | D:9      | Reached *** piety under Dithmenos
 16656 | D:9      | Reached skill level 9 in Ranged Weapons
 17064 | D:9      | Noticed Erica
 17560 | D:10     | Entered Level 10 of the Dungeon
 17589 | D:10     | You are sucked into a shaft and drop 2 floors!
 17625 | D:12     | Identified the +10 hand axe "Woxusif" {flame, rElec rF+
                  | Str-3}
 17666 | D:12     | Noticed a boulder beetle
 17708 | D:12     | Mangled by a boulder beetle

Illustrated notes

Levels and vault maps discovered:
D:1:      heliophobic_arrival_glass_houses, layout_basic
D:2:      layout_loops_corners, pf_guarded_unrand_woodcutter
D:3:      minmay_diamond_boxcup, layout_loops_corners,
          nemelex_xobeh_ov_fountains_minmay, mainiacjoe_overflow_big_doors,
          serial_shops, shop
D:4:      nicolae_cairo_tiling_very_big, layout_gridville,
          nicolae_wu_jian_immortal_techniques, grunt_ashenzari_visionary
          [grunt_ashenzari_visionary_shoals, grunt_ashenzari_visionary_snake],
          xom_teletrap_fun
D:5:      cheibrodos_barr_body, layout_loops_ring,
          mainiacjoe_overflow_concentric_impassable, temple_fountains,
          kennysheep_nub, dk_noncrumbling_4, uniq_crazy_yiuf_cottage
D:6:      layout_cave_pools, serial_shops, shop, grunt_ministairs_5
D:7:      layout_cave_pools, nicolae_vehumet_altar_sigil, uniq_duvessa
D:8:      layout_loops_corners, nicolae_overflow_hidden_temple,
          tso_oasis_becter, hellmonk_okawaru_the_only_friend_you_need,
          erik_lair_orcish_takeover, biasface_ghost_orc_armoury
D:9:      layout_roguey, grunt_qazlal_sundering, enter_bailey_5,
          hellmonk_bongcloud_opening, mrwooster_statue_mirror, st_stairs_4,
          uniq_erica
D:10:     layout_basic, serial_shops, shop
D:12:     layout_loops_ring, trove_entry_hex_spiral,
          worldfamousw_hep_ancestral_shrine
Temple:   jpeg_temple_alley_garden

Skill      XL: |  1  2  3  4  5  6  7  8  9 10 |
---------------+-------------------------------+-----
Armour         | 1 2 3 4 5 6 8 |  8.0
Fighting       | 3 4 5 6 8 |  8.0
Ranged Weapons | 5 7 9 |  9.2
Invocations    | 4 6 |  6.1
Dodging        | 5 7 |  7.4
Stealth        | |  1.0

Action                     |  1- 3 |  4- 6 |  7- 9 | 10-12 || total
---------------------------+-------+-------+-------+-------++-------
  Melee: Dagger            |     6 |    10 |    16 |    23 ||    55
         Kick              |       |     4 |     7 |     7 ||    18
         Peck              |       |     1 |     6 |     5 ||    12
         Punch             |       |     1 |       |     1 ||     2
         Battleaxe         |       |       |     8 |       ||     8
         Sling             |       |       |     1 |       ||     1
         Long sword        |       |       |       |     1 ||     1
   Fire: Shortbow          |    97 |    82 |       |       ||   179
         Sling             |       |    31 |   243 |   254 ||   528
 Invoke: Shadow Step       |       |       |       |     1 ||     1
  Evoke: Wand              |       |     1 |     4 |     5 ||    10
    Use: Scroll            |     1 |     6 |    11 |     4 ||    22
         Potion            |       |       |     1 |     5 ||     6
 Armour: Leather armour    |     4 |     9 |       |       ||    13
         Ring mail         |       |       |    44 |    19 ||    63
  Dodge: Dodged            |    17 |    37 |   103 |   131 ||   288
